NULL
Full Scoreboard »»

Red Wings vs Stars

Created - April 28, 2023 at 23:56

Goals
1 2 3 T
Red Wings 0 1 0 1
Stars 0 1 1 2
Shots
1 2 3 T
Red Wings 12 18 2 32
Stars 5 17 10 32

GoalsPenalties
1st period
No Goal
Luke Kunin (DAL) for Goalie Interference (Minor) at 10:39
Connor Clifton (DAL) for Hooking (Minor) at 17:32
2nd period
1. Red Wings , Nic Dowd 12 (Ilya Mikheyev 21, Charlie McAvoy 40) at 3:34
2. Stars , Joel Eriksson Ek 18 (Connor Brown 26, Oliver Bjorkstrand 40) at 12:55
Connor Brown (DAL) for Holding (Minor) at 3:37
Drake Batherson (DET) for Tripping (Minor) at 19:46
3rd period
3. Stars , Luke Kunin 5 (Connor Clifton 8) at 19:24
Joel Eriksson Ek (DAL) for Holding (Minor) at 14:34
Goalie Stats
John Gibson (DET), 30 saves from 32 shots - (0.938), L, 37-23-14, 60:00 minutes
Cam Talbot (DAL), 31 saves from 32 shots - (0.969), W, 34-23-8, 60:00 minutes
3 StarsOfficial
1 - Cam Talbot (DAL)
2 - Nic Dowd (DET)
3 - Joel Eriksson Ek (DAL)
Referees : Unknown
Linesman : Unknown
Game Note
No Game Note



Team Name Goals Shots Shots Attemp Shots Blocked PIM HIT PP PK FO%
Red Wings 13258122370 / 4 (0%)055%
Stars 2326498310 / 1 (0%)045%

Red Wings
Player Name POS G A P +/- PIM HIT SHT SB MP PP MP PP SHT PK MP PK SHT FO% FOT GA TA
Artem ZubD0000030121:183:5600:5000% 011
Ben ChiarotD000-1024116:170:0001:0900% 000
Brayden PointC/RW000-1011117:423:5000:00056% 1610
Charlie McAvoyD0110022022:284:0000:5000% 000
Daniel SprongLW/RW000-1020010:310:0400:0000% 001
Drake BathersonC/RW000-1255017:433:5010:000100% 110
Ilya MikheyevLW/RW0111026014:510:0700:590100% 300
Jordan GreenwayLW000-1012110:170:0000:0000% 000
Kevin HayesC/LW/RW0000050016:443:5900:000100% 111
Marcus FolignoC/LW/RW000-1042017:003:4200:0000% 000
Mario FerraroD000-1001319:043:5600:0000% 011
Nic DowdC/RW1011024114:420:0001:0000% 000
Nicolas RoyC/RW0001010014:390:0000:59038% 1311
Philip TomasinoRW000-1020012:030:1801:0000% 300
Ryan JohansenC/RW0000021016:433:5900:00067% 1501
Teuvo TeravainenC/LW/RW0000002116:433:5900:0000% 100
Torey KrugD0000022321:364:0000:0000% 000
Travis HamonicD0000010017:390:0001:0900% 000
Stars
Player Name POS G A P +/- PIM HIT SHT SB MP PP MP PP SHT PK MP PK SHT FO% FOT GA TA
Alex KillornC/LW/RW000-1030017:290:5703:48036% 1410
Brian DumoulinD0000000222:091:0004:0800% 011
Connor BrownRW0111204017:431:0202:3800% 002
Connor CliftonD0111221318:080:0000:0000% 000
David JiricekD0000030116:220:5900:0000% 000
Evgeny SvechnikovLW/RW0000040011:100:0001:0200% 000
Henri JokiharjuD0001011121:380:0003:4800% 000
Joel Eriksson EkC/LW/RW1011227018:081:0202:36050% 2210
John FarinacciC0000020010:110:0000:3600% 010
Justin BraunD0000033020:241:0004:0800% 002
Luke KuninC/RW1011201013:360:0000:000100% 110
Miro HeiskanenD0000011021:020:5903:4800% 000
Nicholas MerkleyC/RW000002019:090:0000:0000% 100
Oliver BjorkstrandLW/RW0111007018:141:0203:26033% 300
Owen TippettLW/RW000-1011115:550:5701:4600% 201
Patric HornqvistLW/RW000-1011013:400:5700:0000% 110
Radek FaksaC0001033013:310:0000:00067% 900
Zemgus GirgensonsC/LW/RW0001032013:310:0000:0000% 000

Red Wings

5 vs 5 Forward
Line #Left WingCenterRight WingPHYDFOFWanted %Time %Time Play
1Marcus FolignoBrayden PointDrake Batherson1133026%12:47
2Teuvo TeravainenRyan JohansenKevin Hayes1133026%12:46
3Ilya MikheyevNicolas RoyNic Dowd1223028%13:40
4Jordan GreenwayPhilip TomasinoDaniel Sprong1221021%10:17
5 vs 5 Defense
Line #DefenseDefensePHYDFOFWanted %Time %Time Play
1Charlie McAvoyTorey Krug1223433%16:07
2Ben ChiarotMario Ferraro1223331%15:10
3Artem ZubTravis Hamonic1223335%17:19
4Charlie McAvoyTorey Krug12202%0:54
Power Play Forward
Line #Left WingCenterRight WingPHYDFOFWanted %Time %Time Play
1Marcus FolignoBrayden PointDrake Batherson1225050%3:57
2Teuvo TeravainenRyan JohansenKevin Hayes1225050%3:59
Power Play Defense
Line #DefenseDefensePHYDFOFWanted %Time %Time Play
1Charlie McAvoyTorey Krug1225050%4:00
2Artem ZubMario Ferraro1225050%3:56
Penalty Kill 4 Players Forward
Line #CenterWingPHYDFOFWanted %Time %Time Play
1Nicolas RoyIlya Mikheyev1225050%0:59
2Nic DowdPhilip Tomasino1225050%1:00
Penalty Kill 4 Players Defense
Line #DefenseDefensePHYDFOFWanted %Time %Time Play
1Travis HamonicBen Chiarot1226058%1:09
2Artem ZubCharlie McAvoy1224042%0:50
Penalty Kill 3 Players
Line #WingPHYDFOFWanted %Time %Time PlayDefenseDefensePHYDFOFWanted %Time %Time Play
1Brayden Point122500%0:00 Charlie McAvoyTorey Krug122500%0:00
2Drake Batherson122500%0:00 Ben ChiarotMario Ferraro122500%0:00
4 vs 4 Forward
Line #CenterWingPHYDFOFWanted %Time %Time Play
1Brayden PointDrake Batherson122500%0:00
2Ryan JohansenMarcus Foligno122500%0:00
4 vs 4 Defense
Line #DefensePHYDFOFWanted %Time %Time Play
1Charlie McAvoyTorey Krug122500%0:00
2Ben ChiarotMario Ferraro122500%0:00
Last Minutes Offensive
Left WingCenterRight WingDefenseDefense
Marcus FolignoBrayden PointDrake BathersonCharlie McAvoyTorey Krug
Last Minutes Defensive
Left WingCenterRight WingDefenseDefense
Marcus FolignoBrayden PointDrake BathersonCharlie McAvoyTorey Krug
Time
Total ForwardTotal DefenseLast Minutes OffensiveLast Minutes Defensive
60:00 60:00 0:350:00
Extra Forwards
Normal PowerPlayPenalty Kill
Philip Tomasino, Ilya Mikheyev, Nicolas RoyPhilip Tomasino, Ilya MikheyevNicolas Roy
Extra Defensemen
Normal PowerPlayPenalty Kill
Artem Zub, Travis Hamonic, Ben ChiarotArtem Zub, Travis HamonicBen Chiarot
Penalty Shots
Brayden Point, Drake Batherson, Ryan Johansen, Marcus Foligno, Teuvo Teravainen
Goalie
John Gibson, Casey Desmith
Custom OT Lines Forwards
Brayden Point, Drake Batherson, Ryan Johansen, Marcus Foligno, Teuvo Teravainen, Kevin Hayes, Ilya Mikheyev, Nicolas Roy, Jordan Greenway, Nic Dowd
Custom OT Lines Defensemen
Charlie McAvoy, Torey Krug, Ben Chiarot, Mario Ferraro, Artem Zub
Scratches
Benoit-Olivier Groulx (Healthy), Jordan Spence (Healthy)

Stars

5 vs 5 Forward
Line #Left WingCenterRight WingPHYDFOFWanted %Time %Time Play
1Oliver BjorkstrandJoel Eriksson EkConnor Brown1223027%13:12
2Patric HornqvistAlex KillornOwen Tippett1223028%13:38
3Zemgus GirgensonsRadek FaksaLuke Kunin1223027%13:31
4Evgeny SvechnikovNicholas MerkleyJohn Farinacci1221018%9:09
5 vs 5 Defense
Line #DefenseDefensePHYDFOFWanted %Time %Time Play
1Miro HeiskanenBrian Dumoulin1223434%16:35
2David JiricekJustin Braun1223330%15:02
3Henri JokiharjuConnor Clifton1223336%17:53
4Miro HeiskanenBrian Dumoulin12200%0:00
Power Play Forward
Line #Left WingCenterRight WingPHYDFOFWanted %Time %Time Play
1Oliver BjorkstrandJoel Eriksson EkConnor Brown1225052%1:02
2Patric HornqvistAlex KillornOwen Tippett1225048%0:57
Power Play Defense
Line #DefenseDefensePHYDFOFWanted %Time %Time Play
1Miro HeiskanenDavid Jiricek1225050%0:59
2Brian DumoulinJustin Braun1225050%1:00
Penalty Kill 4 Players Forward
Line #CenterWingPHYDFOFWanted %Time %Time Play
1Oliver BjorkstrandConnor Brown1225051%4:05
2Joel Eriksson EkAlex Killorn1225049%3:51
Penalty Kill 4 Players Defense
Line #DefenseDefensePHYDFOFWanted %Time %Time Play
1Justin BraunBrian Dumoulin1225052%4:08
2Henri JokiharjuMiro Heiskanen1225048%3:48
Penalty Kill 3 Players
Line #WingPHYDFOFWanted %Time %Time PlayDefenseDefensePHYDFOFWanted %Time %Time Play
1Oliver Bjorkstrand122500%0:00 Miro HeiskanenBrian Dumoulin122500%0:00
2Connor Brown122500%0:00 David JiricekJustin Braun122500%0:00
4 vs 4 Forward
Line #CenterWingPHYDFOFWanted %Time %Time Play
1Oliver BjorkstrandConnor Brown122500%0:00
2Joel Eriksson EkAlex Killorn122500%0:00
4 vs 4 Defense
Line #DefensePHYDFOFWanted %Time %Time Play
1Miro HeiskanenBrian Dumoulin122500%0:00
2David JiricekJustin Braun122500%0:00
Last Minutes Offensive
Left WingCenterRight WingDefenseDefense
Oliver BjorkstrandJoel Eriksson EkConnor BrownMiro HeiskanenBrian Dumoulin
Last Minutes Defensive
Left WingCenterRight WingDefenseDefense
Oliver BjorkstrandJoel Eriksson EkConnor BrownMiro HeiskanenBrian Dumoulin
Time
Total ForwardTotal DefenseLast Minutes OffensiveLast Minutes Defensive
60:00 60:00 0:000:35
Extra Forwards
Normal PowerPlayPenalty Kill
John Farinacci, Radek Faksa, Owen TippettJohn Farinacci, Radek FaksaOwen Tippett
Extra Defensemen
Normal PowerPlayPenalty Kill
Henri Jokiharju, Connor Clifton, David JiricekHenri Jokiharju, Connor CliftonDavid Jiricek
Penalty Shots
Oliver Bjorkstrand, Connor Brown, Joel Eriksson Ek, Alex Killorn, Patric Hornqvist
Goalie
Cam Talbot, Alex Nedeljkovic
Custom OT Lines Forwards
Oliver Bjorkstrand, Connor Brown, Joel Eriksson Ek, Alex Killorn, Patric Hornqvist, Radek Faksa, Zemgus Girgensons, Owen Tippett, Luke Kunin, Evgeny Svechnikov
Custom OT Lines Defensemen
Miro Heiskanen, Brian Dumoulin, David Jiricek, Justin Braun, Henri Jokiharju
Scratches
Danil Misyul (Healthy), Martin Jones (Healthy)


Play-by-Play

1st period


0:01 of 1st period - Brayden Point wins face-off versus Joel Eriksson Ek in neutral zone.
0:12 of 1st period - Snap shot by Drake Batherson.
0:12 of 1st period - Stopped by Cam Talbot without a rebound.
0:13 of 1st period - Kevin Hayes wins face-off versus Alex Killorn in Stars zone.
0:39 of 1st period - Mario Ferraro is hit by David Jiricek and loses puck.
1:08 of 1st period - Evgeny Svechnikov is hit by Philip Tomasino and loses puck.
1:41 of 1st period - Slapshot by Charlie McAvoy.
1:41 of 1st period - Deflect By David Jiricek.
1:41 of 1st period - Stopped by Cam Talbot with a rebound.
2:20 of 1st period - Kevin Hayes is hit by Nicholas Merkley and loses puck.
2:39 of 1st period - Connor Brown is hit by Travis Hamonic and loses puck.
3:00 of 1st period - Ben Chiarot is hit by Radek Faksa and loses puck.
3:25 of 1st period - Icing by Miro Heiskanen.
3:26 of 1st period - Radek Faksa wins face-off versus Ryan Johansen in Stars zone.
3:59 of 1st period - Wrist shot by Ilya Mikheyev.
3:59 of 1st period - Stopped by Cam Talbot with a rebound.
4:01 of 1st period - Snap shot by Nic Dowd.
4:01 of 1st period - Stopped by Cam Talbot without a rebound.
4:02 of 1st period - Brayden Point wins face-off versus Joel Eriksson Ek in Stars zone.
5:09 of 1st period - Snap shot by Zemgus Girgensons.
5:09 of 1st period - Deflect By Radek Faksa.
5:09 of 1st period - Stopped by John Gibson with a rebound.
5:11 of 1st period - Snap shot by Radek Faksa.
5:11 of 1st period - Stopped by John Gibson with a rebound.
5:15 of 1st period - Wrist shot by Radek Faksa.
5:15 of 1st period - Shot Blocked by Ben Chiarot.
5:36 of 1st period - Snap shot by Oliver Bjorkstrand.
5:36 of 1st period - Deflect By Marcus Foligno.
5:36 of 1st period - Shot Misses the Net.
5:36 of 1st period - Puck is out of play.
5:37 of 1st period - Alex Killorn wins face-off versus Nicolas Roy in Red Wings zone.
5:46 of 1st period - Wrist shot by Ilya Mikheyev.
5:46 of 1st period - Shot Misses the Net.
6:02 of 1st period - Marcus Foligno is hit by David Jiricek and loses puck.
6:25 of 1st period - Slapshot by Radek Faksa.
6:25 of 1st period - Shot Misses the Net.
6:27 of 1st period - Snap shot by Luke Kunin.
6:27 of 1st period - Shot Misses the Net.
6:51 of 1st period - Wrist shot by Charlie McAvoy.
6:51 of 1st period - Stopped by Cam Talbot without a rebound.
6:52 of 1st period - Brayden Point wins face-off versus Alex Killorn in Stars zone.
7:25 of 1st period - Snap shot by Oliver Bjorkstrand.
7:25 of 1st period - Stopped by John Gibson with a rebound.
7:27 of 1st period - Wrist shot by Connor Brown.
7:27 of 1st period - Stopped by John Gibson with a rebound.
7:34 of 1st period - Icing by Ben Chiarot.
7:35 of 1st period - Ryan Johansen wins face-off versus Radek Faksa in Red Wings zone.
7:48 of 1st period - Slapshot by Ryan Johansen.
7:48 of 1st period - Shot Misses the Net.
8:06 of 1st period - Wrist shot by Brayden Point.
8:06 of 1st period - Shot Blocked by Brian Dumoulin.
8:08 of 1st period - Slapshot by Ben Chiarot.
8:08 of 1st period - Stopped by Cam Talbot with a rebound.
8:10 of 1st period - Snap shot by Mario Ferraro.
8:10 of 1st period - Deflect By Miro Heiskanen.
8:10 of 1st period - Stopped by Cam Talbot without a rebound.
8:11 of 1st period - Ilya Mikheyev wins face-off versus Joel Eriksson Ek in Stars zone.
8:32 of 1st period - Artem Zub is hit by Joel Eriksson Ek and loses puck.
8:49 of 1st period - Owen Tippett is hit by Drake Batherson and loses puck.
9:10 of 1st period - Wrist shot by Luke Kunin.
9:10 of 1st period - Shot Misses the Net.
9:18 of 1st period - Radek Faksa is hit by Kevin Hayes.
9:45 of 1st period - Torey Krug is hit by Nicholas Merkley and loses puck.
10:10 of 1st period - Snap shot by Joel Eriksson Ek.
10:10 of 1st period - Stopped by John Gibson with a rebound.
10:24 of 1st period - Wrist shot by Brayden Point.
10:24 of 1st period - Stopped by Cam Talbot with a rebound.
10:26 of 1st period - Wrist shot by Ben Chiarot.
10:26 of 1st period - Stopped by Cam Talbot with a rebound.
10:28 of 1st period - Snap shot by Ilya Mikheyev.
10:28 of 1st period - Shot Blocked by Owen Tippett.
10:30 of 1st period - Slapshot by Mario Ferraro.
10:30 of 1st period - Shot Misses the Net.
10:34 of 1st period - Snap shot by Nic Dowd.
10:34 of 1st period - Stopped by Cam Talbot without a rebound.
10:35 of 1st period - Radek Faksa wins face-off versus Ryan Johansen in Stars zone.
10:39 of 1st period - Minor Penalty to Luke Kunin for Goalie Interference.
10:40 of 1st period - Brayden Point wins face-off versus Oliver Bjorkstrand in Stars zone.
10:44 of 1st period - Wrist shot by Drake Batherson.
10:44 of 1st period - Stopped by Cam Talbot with a rebound.
10:46 of 1st period - Snap shot by Drake Batherson.
10:46 of 1st period - Shot Misses the Net.
12:03 of 1st period - Justin Braun is hit by Artem Zub.
12:39 of 1st period - Penalty to Luke Kunin is over, Luke Kunin is back on ice.
12:49 of 1st period - Snap shot by Zemgus Girgensons.
12:49 of 1st period - Shot Misses the Net.
13:11 of 1st period - Nicolas Roy is hit by Evgeny Svechnikov and loses puck.
14:26 of 1st period - Connor Brown is hit by Marcus Foligno and loses puck.
15:18 of 1st period - Travis Hamonic is hit by Alex Killorn.
16:34 of 1st period - Icing by David Jiricek.
16:35 of 1st period - Nicolas Roy wins face-off versus Radek Faksa in Stars zone.
16:52 of 1st period - Zemgus Girgensons is hit by Nic Dowd and loses puck.
17:01 of 1st period - Nicolas Roy is hit by Zemgus Girgensons and loses puck.
17:19 of 1st period - Off-side.
17:20 of 1st period - Brayden Point wins face-off versus Owen Tippett in neutral zone.
17:27 of 1st period - Wrist shot by Drake Batherson.
17:27 of 1st period - Shot Blocked by Connor Clifton.
17:29 of 1st period - Wrist shot by Marcus Foligno.
17:29 of 1st period - Stopped by Cam Talbot without a rebound.
17:30 of 1st period - Alex Killorn wins face-off versus Brayden Point in Stars zone.
17:32 of 1st period - Minor Penalty to Connor Clifton for Hooking.
17:33 of 1st period - Joel Eriksson Ek wins face-off versus Ryan Johansen in Stars zone.
17:47 of 1st period - Snap shot by Joel Eriksson Ek.
17:47 of 1st period - Shot Blocked by Mario Ferraro.
17:59 of 1st period - Miro Heiskanen is hit by Drake Batherson and loses puck.
18:26 of 1st period - Joel Eriksson Ek is hit by Charlie McAvoy and loses puck.
19:32 of 1st period - Penalty to Connor Clifton is over, Connor Clifton is back on ice.
19:33 of 1st period - Evgeny Svechnikov is hit by Ilya Mikheyev and loses puck.
19:41 of 1st period - Icing by Justin Braun.
19:42 of 1st period - Ilya Mikheyev wins face-off versus Owen Tippett in Stars zone.
Goals for this period are 0 for Red Wings vs 0 for Stars.
Shots for this period are 12 for Red Wings vs 5 for Stars.

2nd period


0:01 of 2nd period - Ryan Johansen wins face-off versus Joel Eriksson Ek in neutral zone.
0:04 of 2nd period - Wrist shot by Teuvo Teravainen.
0:04 of 2nd period - Stopped by Cam Talbot with a rebound.
0:12 of 2nd period - Wrist shot by Oliver Bjorkstrand.
0:12 of 2nd period - Shot Blocked by Torey Krug.
0:26 of 2nd period - Patric Hornqvist is hit by Marcus Foligno and loses puck.
0:55 of 2nd period - Radek Faksa is hit by Artem Zub and loses puck.
1:10 of 2nd period - Snap shot by Justin Braun.
1:10 of 2nd period - Stopped by John Gibson with a rebound.
1:38 of 2nd period - Oliver Bjorkstrand is hit by Kevin Hayes and loses puck.
2:00 of 2nd period - Wrist shot by Drake Batherson.
2:00 of 2nd period - Stopped by Cam Talbot without a rebound.
2:01 of 2nd period - Ryan Johansen wins face-off versus Alex Killorn in Stars zone.
2:30 of 2nd period - Slapshot by Miro Heiskanen.
2:30 of 2nd period - Shot Blocked by Artem Zub.
2:40 of 2nd period - Brian Dumoulin is hit by Marcus Foligno and loses puck.
2:53 of 2nd period - Snap shot by Joel Eriksson Ek.
2:53 of 2nd period - Stopped by John Gibson without a rebound.
2:54 of 2nd period - Ryan Johansen wins face-off versus Joel Eriksson Ek in Red Wings zone.
3:05 of 2nd period - Wrist shot by Connor Brown.
3:05 of 2nd period - Shot Blocked by Teuvo Teravainen.
3:07 of 2nd period - Slapshot by Connor Clifton.
3:07 of 2nd period - Shot Misses the Net.
3:09 of 2nd period - Slapshot by Oliver Bjorkstrand.
3:09 of 2nd period - Shot Misses the Net.
3:11 of 2nd period - Wrist shot by Connor Brown.
3:11 of 2nd period - Shot Misses the Net.
3:18 of 2nd period - Icing by Torey Krug.
3:19 of 2nd period - Alex Killorn wins face-off versus Nicolas Roy in Red Wings zone.
3:22 of 2nd period - Wrist shot by Alex Killorn.
3:22 of 2nd period - Shot Misses the Net.
3:32 of 2nd period - Slapshot by Ilya Mikheyev.
3:32 of 2nd period - Stopped by Cam Talbot with a rebound.
3:34 of 2nd period - Slapshot by Nic Dowd.
3:34 of 2nd period - Goal by Nic Dowd - Red Wings : 1 - Stars : 0.
3:35 of 2nd period - Joel Eriksson Ek wins face-off versus Ryan Johansen in neutral zone.
3:37 of 2nd period - Minor Penalty to Connor Brown for Holding.
3:38 of 2nd period - Ryan Johansen wins face-off versus Oliver Bjorkstrand in Stars zone.
3:52 of 2nd period - Alex Killorn is hit by Kevin Hayes and loses puck.
5:37 of 2nd period - Penalty to Connor Brown is over, Connor Brown is back on ice.
6:50 of 2nd period - Icing by Travis Hamonic.
6:51 of 2nd period - Joel Eriksson Ek wins face-off versus Ryan Johansen in Red Wings zone.
6:54 of 2nd period - Snap shot by Oliver Bjorkstrand.
6:54 of 2nd period - Shot Misses the Net.
7:06 of 2nd period - Slapshot by Oliver Bjorkstrand.
7:06 of 2nd period - Stopped by John Gibson with a rebound.
7:08 of 2nd period - Snap shot by Connor Clifton.
7:08 of 2nd period - Stopped by John Gibson with a rebound.
7:10 of 2nd period - Snap shot by Owen Tippett.
7:10 of 2nd period - Stopped by John Gibson with a rebound.
7:12 of 2nd period - Slapshot by Henri Jokiharju.
7:12 of 2nd period - Deflect By Alex Killorn.
7:12 of 2nd period - Shot Misses the Net.
7:12 of 2nd period - Puck is out of play.
7:13 of 2nd period - Brayden Point wins face-off versus Alex Killorn in Red Wings zone.
7:34 of 2nd period - Wrist shot by Alex Killorn.
7:34 of 2nd period - Shot Blocked by Mario Ferraro.
7:40 of 2nd period - Wrist shot by Patric Hornqvist.
7:40 of 2nd period - Deflect By Alex Killorn.
7:40 of 2nd period - Shot Misses the Net.
7:40 of 2nd period - Puck is out of play.
7:41 of 2nd period - Ryan Johansen wins face-off versus Joel Eriksson Ek in Red Wings zone.
7:53 of 2nd period - Snap shot by Oliver Bjorkstrand.
7:53 of 2nd period - Stopped by John Gibson with a rebound.
7:55 of 2nd period - Wrist shot by Connor Brown.
7:55 of 2nd period - Stopped by John Gibson without a rebound.
7:56 of 2nd period - Radek Faksa wins face-off versus Brayden Point in Red Wings zone.
7:56 of 2nd period - Radek Faksa is hit by Ben Chiarot.
9:25 of 2nd period - Snap shot by Radek Faksa.
9:25 of 2nd period - Stopped by John Gibson without a rebound.
9:26 of 2nd period - Radek Faksa wins face-off versus Brayden Point in Red Wings zone.
9:45 of 2nd period - Wrist shot by Drake Batherson.
9:45 of 2nd period - Deflect By Zemgus Girgensons.
9:45 of 2nd period - Stopped by Cam Talbot with a rebound.
9:47 of 2nd period - Snap shot by Marcus Foligno.
9:47 of 2nd period - Stopped by Cam Talbot with a rebound.
9:49 of 2nd period - Slapshot by Mario Ferraro.
9:49 of 2nd period - Shot Misses the Net.
10:14 of 2nd period - Miro Heiskanen is hit by Drake Batherson and loses puck.
10:19 of 2nd period - Snap shot by Brayden Point.
10:19 of 2nd period - Deflect By Marcus Foligno.
10:19 of 2nd period - Shot Misses the Net.
10:19 of 2nd period - Puck is out of play.
10:20 of 2nd period - Ryan Johansen wins face-off versus Joel Eriksson Ek in Stars zone.
10:33 of 2nd period - Snap shot by Ryan Johansen.
10:33 of 2nd period - Stopped by Cam Talbot without a rebound.
10:34 of 2nd period - Nicolas Roy wins face-off versus Patric Hornqvist in Stars zone.
10:59 of 2nd period - Wrist shot by Jordan Greenway.
10:59 of 2nd period - Stopped by Cam Talbot with a rebound.
11:07 of 2nd period - Slapshot by Daniel Sprong.
11:07 of 2nd period - Shot Misses the Net.
11:09 of 2nd period - Backhand shot by Travis Hamonic.
11:09 of 2nd period - Shot Hit the Post.
11:11 of 2nd period - Backhand shot by Daniel Sprong.
11:11 of 2nd period - Shot Misses the Net.
11:21 of 2nd period - Snap shot by Patric Hornqvist.
11:21 of 2nd period - Shot Misses the Net.
11:27 of 2nd period - Joel Eriksson Ek is hit by Kevin Hayes and loses puck.
12:03 of 2nd period - Torey Krug is hit by John Farinacci and loses puck.
12:20 of 2nd period - Wrist shot by Jordan Greenway.
12:20 of 2nd period - Stopped by Cam Talbot without a rebound.
12:21 of 2nd period - Joel Eriksson Ek wins face-off versus Philip Tomasino in Stars zone.
12:21 of 2nd period - Joel Eriksson Ek is hit by Jordan Greenway.
12:31 of 2nd period - Snap shot by Oliver Bjorkstrand.
12:31 of 2nd period - Shot Blocked by Jordan Greenway.
12:51 of 2nd period - Snap shot by Connor Brown.
12:51 of 2nd period - Shot Misses the Net.
12:53 of 2nd period - Wrist shot by Connor Brown.
12:53 of 2nd period - Shot Misses the Net.
12:55 of 2nd period - Slapshot by Joel Eriksson Ek.
12:55 of 2nd period - Goal by Joel Eriksson Ek - Red Wings : 1 - Stars : 1.
12:56 of 2nd period - Ryan Johansen wins face-off versus Alex Killorn in neutral zone.
13:23 of 2nd period - Artem Zub is hit by Miro Heiskanen and loses puck.
13:28 of 2nd period - Snap shot by Oliver Bjorkstrand.
13:28 of 2nd period - Stopped by John Gibson without a rebound.
13:29 of 2nd period - Joel Eriksson Ek wins face-off versus Nicolas Roy in Red Wings zone.
13:32 of 2nd period - Slapshot by Connor Brown.
13:32 of 2nd period - Stopped by John Gibson with a rebound.
13:34 of 2nd period - Slapshot by David Jiricek.
13:34 of 2nd period - Shot Blocked by Nic Dowd.
13:36 of 2nd period - Slapshot by Justin Braun.
13:36 of 2nd period - Stopped by John Gibson without a rebound.
13:37 of 2nd period - Joel Eriksson Ek wins face-off versus Nicolas Roy in Red Wings zone.
13:38 of 2nd period - Slapshot by Oliver Bjorkstrand.
13:38 of 2nd period - Stopped by John Gibson with a rebound.
13:59 of 2nd period - Snap shot by Joel Eriksson Ek.
13:59 of 2nd period - Stopped by John Gibson with a rebound.
14:23 of 2nd period - Snap shot by Ilya Mikheyev.
14:23 of 2nd period - Shot Misses the Net.
14:25 of 2nd period - Wrist shot by Ben Chiarot.
14:25 of 2nd period - Stopped by Cam Talbot with a rebound.
14:27 of 2nd period - Wrist shot by Ilya Mikheyev.
14:27 of 2nd period - Stopped by Cam Talbot without a rebound.
14:28 of 2nd period - Ryan Johansen wins face-off versus Alex Killorn in Stars zone.
14:28 of 2nd period - Teuvo Teravainen is hit by Henri Jokiharju and loses puck.
14:53 of 2nd period - Drake Batherson is hit by Connor Clifton and loses puck.
14:58 of 2nd period - Slapshot by Zemgus Girgensons.
14:58 of 2nd period - Stopped by John Gibson with a rebound.
15:00 of 2nd period - Slapshot by David Jiricek.
15:00 of 2nd period - Shot Blocked by Torey Krug.
15:02 of 2nd period - Slapshot by Justin Braun.
15:02 of 2nd period - Deflect By Charlie McAvoy.
15:02 of 2nd period - Stopped by John Gibson with a rebound.
15:20 of 2nd period - Charlie McAvoy is hit by Evgeny Svechnikov and loses puck.
15:45 of 2nd period - Travis Hamonic is hit by Evgeny Svechnikov and loses puck.
16:41 of 2nd period - Snap shot by Teuvo Teravainen.
16:41 of 2nd period - Shot Blocked by Brian Dumoulin.
16:57 of 2nd period - Nicholas Merkley is hit by Artem Zub and loses puck.
17:04 of 2nd period - Miro Heiskanen is hit by Ryan Johansen and loses puck.
17:19 of 2nd period - Slapshot by Miro Heiskanen.
17:19 of 2nd period - Stopped by John Gibson without a rebound.
17:20 of 2nd period - Drake Batherson wins face-off versus Alex Killorn in Red Wings zone.
17:20 of 2nd period - Drake Batherson is hit by Alex Killorn.
17:32 of 2nd period - Snap shot by Drake Batherson.
17:32 of 2nd period - Shot Blocked by Connor Clifton.
17:34 of 2nd period - Slapshot by Ben Chiarot.
17:34 of 2nd period - Stopped by Cam Talbot without a rebound.
17:35 of 2nd period - Nicolas Roy wins face-off versus Radek Faksa in Stars zone.
17:35 of 2nd period - Nicolas Roy is hit by Justin Braun.
17:37 of 2nd period - Slapshot by Torey Krug.
17:37 of 2nd period - Stopped by Cam Talbot without a rebound.
17:38 of 2nd period - Radek Faksa wins face-off versus Nicolas Roy in Stars zone.
17:38 of 2nd period - Radek Faksa is hit by Nic Dowd.
17:56 of 2nd period - Ilya Mikheyev is hit by Zemgus Girgensons and loses puck.
18:05 of 2nd period - Wrist shot by Ilya Mikheyev.
18:05 of 2nd period - Stopped by Cam Talbot with a rebound.
18:07 of 2nd period - Wrist shot by Ilya Mikheyev.
18:07 of 2nd period - Shot Misses the Net.
18:09 of 2nd period - Slapshot by Torey Krug.
18:09 of 2nd period - Stopped by Cam Talbot with a rebound.
18:11 of 2nd period - Snap shot by Ilya Mikheyev.
18:11 of 2nd period - Stopped by Cam Talbot with a rebound.
18:17 of 2nd period - Slapshot by Charlie McAvoy.
18:17 of 2nd period - Shot Misses the Net.
18:31 of 2nd period - Slapshot by Ilya Mikheyev.
18:31 of 2nd period - Stopped by Cam Talbot without a rebound.
18:32 of 2nd period - Brayden Point wins face-off versus Alex Killorn in Stars zone.
19:26 of 2nd period - Icing by Mario Ferraro.
19:27 of 2nd period - Brayden Point wins face-off versus Joel Eriksson Ek in Red Wings zone.
19:36 of 2nd period - Wrist shot by Drake Batherson.
19:36 of 2nd period - Stopped by Cam Talbot without a rebound.
19:37 of 2nd period - Alex Killorn wins face-off versus Brayden Point in Stars zone.
19:37 of 2nd period - Alex Killorn is hit by Brayden Point.
19:46 of 2nd period - Minor Penalty to Drake Batherson for Tripping.
19:47 of 2nd period - Joel Eriksson Ek wins face-off versus Nicolas Roy in Red Wings zone.
Goals for this period are 1 for Red Wings vs 1 for Stars.
Shots for this period are 18 for Red Wings vs 17 for Stars.

3rd period


0:01 of 3rd period - Nicolas Roy wins face-off versus Alex Killorn in neutral zone.
1:12 of 3rd period - Artem Zub is hit by Joel Eriksson Ek and loses puck.
1:46 of 3rd period - Penalty to Drake Batherson is over, Drake Batherson is back on ice.
2:02 of 3rd period - Miro Heiskanen is hit by Torey Krug and loses puck.
2:09 of 3rd period - Luke Kunin is hit by Charlie McAvoy and loses puck.
2:18 of 3rd period - Torey Krug is hit by Connor Clifton and loses puck.
2:43 of 3rd period - Charlie McAvoy is hit by Evgeny Svechnikov and loses puck.
3:02 of 3rd period - Snap shot by Jordan Greenway.
3:02 of 3rd period - Shot Misses the Net.
3:38 of 3rd period - Slapshot by Charlie McAvoy.
3:38 of 3rd period - Deflect By Brayden Point.
3:38 of 3rd period - Shot Blocked by David Jiricek.
3:38 of 3rd period - Puck is out of play.
3:39 of 3rd period - Joel Eriksson Ek wins face-off versus Brayden Point in Stars zone.
3:39 of 3rd period - Joel Eriksson Ek is hit by Marcus Foligno.
4:25 of 3rd period - Snap shot by Teuvo Teravainen.
4:25 of 3rd period - Shot Misses the Net.
4:31 of 3rd period - Slapshot by Teuvo Teravainen.
4:31 of 3rd period - Stopped by Cam Talbot without a rebound.
4:32 of 3rd period - Brayden Point wins face-off versus Joel Eriksson Ek in Stars zone.
4:57 of 3rd period - Artem Zub is hit by Patric Hornqvist and loses puck.
5:04 of 3rd period - Snap shot by Nic Dowd.
5:04 of 3rd period - Shot Misses the Net.
5:18 of 3rd period - Kevin Hayes is hit by David Jiricek.
5:22 of 3rd period - Radek Faksa is hit by Ryan Johansen and loses puck.
5:43 of 3rd period - Wrist shot by Evgeny Svechnikov.
5:43 of 3rd period - Shot Blocked by Brayden Point.
5:45 of 3rd period - Snap shot by Connor Clifton.
5:45 of 3rd period - Shot Blocked by Mario Ferraro.
5:47 of 3rd period - Slapshot by Henri Jokiharju.
5:47 of 3rd period - Stopped by John Gibson with a rebound.
6:01 of 3rd period - Wrist shot by Joel Eriksson Ek.
6:01 of 3rd period - Stopped by John Gibson without a rebound.
6:02 of 3rd period - Alex Killorn wins face-off versus Philip Tomasino in Red Wings zone.
6:23 of 3rd period - Alex Killorn is hit by Daniel Sprong and loses puck.
6:40 of 3rd period - Snap shot by Daniel Sprong.
6:40 of 3rd period - Shot Blocked by Connor Clifton.
6:48 of 3rd period - Connor Clifton is hit by Daniel Sprong.
8:17 of 3rd period - Daniel Sprong is hit by Owen Tippett and loses puck.
8:32 of 3rd period - Wrist shot by Alex Killorn.
8:32 of 3rd period - Shot Misses the Net.
8:45 of 3rd period - Snap shot by Patric Hornqvist.
8:45 of 3rd period - Stopped by John Gibson without a rebound.
8:46 of 3rd period - Luke Kunin wins face-off versus Nicolas Roy in Red Wings zone.
8:59 of 3rd period - Snap shot by Ilya Mikheyev.
8:59 of 3rd period - Shot Misses the Net.
9:11 of 3rd period - Charlie McAvoy is hit by Justin Braun and loses puck.
9:36 of 3rd period - Backhand shot by Ryan Johansen.
9:36 of 3rd period - Shot Blocked by Nicholas Merkley.
10:06 of 3rd period - Slapshot by Zemgus Girgensons.
10:06 of 3rd period - Deflect By Joel Eriksson Ek.
10:06 of 3rd period - Stopped by John Gibson with a rebound.
10:08 of 3rd period - Snap shot by Connor Brown.
10:08 of 3rd period - Stopped by John Gibson with a rebound.
10:34 of 3rd period - Radek Faksa is hit by Drake Batherson and loses puck.
11:10 of 3rd period - Justin Braun is hit by Ben Chiarot.
12:31 of 3rd period - Zemgus Girgensons is hit by Drake Batherson and loses puck.
12:57 of 3rd period - Icing by Marcus Foligno.
12:58 of 3rd period - Ryan Johansen wins face-off versus Nicholas Merkley in Red Wings zone.
13:39 of 3rd period - Kevin Hayes is hit by John Farinacci and loses puck.
13:58 of 3rd period - Daniel Sprong is hit by Zemgus Girgensons.
14:02 of 3rd period - Radek Faksa is hit by Philip Tomasino and loses puck.
14:34 of 3rd period - Minor Penalty to Joel Eriksson Ek for Holding.
14:35 of 3rd period - Oliver Bjorkstrand wins face-off versus Teuvo Teravainen in Stars zone.
14:35 of 3rd period - Oliver Bjorkstrand is hit by Kevin Hayes.
15:01 of 3rd period - Marcus Foligno is hit by Alex Killorn.
16:34 of 3rd period - Penalty to Joel Eriksson Ek is over, Joel Eriksson Ek is back on ice.
16:46 of 3rd period - Joel Eriksson Ek is hit by Ilya Mikheyev and loses puck.
16:59 of 3rd period - Wrist shot by Joel Eriksson Ek.
16:59 of 3rd period - Stopped by John Gibson without a rebound.
17:00 of 3rd period - Radek Faksa wins face-off versus Philip Tomasino in Red Wings zone.
17:09 of 3rd period - Artem Zub is hit by Radek Faksa and loses puck.
17:18 of 3rd period - Torey Krug is hit by Justin Braun and loses puck.
17:39 of 3rd period - Wrist shot by Patric Hornqvist.
17:39 of 3rd period - Shot Misses the Net.
17:41 of 3rd period - Slapshot by Henri Jokiharju.
17:41 of 3rd period - Shot Blocked by Torey Krug.
17:50 of 3rd period - Off-side.
17:51 of 3rd period - Ilya Mikheyev wins face-off versus Joel Eriksson Ek in neutral zone.
17:54 of 3rd period - Wrist shot by Nic Dowd.
17:54 of 3rd period - Stopped by Cam Talbot without a rebound.
17:55 of 3rd period - Joel Eriksson Ek wins face-off versus Nicolas Roy in Stars zone.
17:55 of 3rd period - Joel Eriksson Ek is hit by Nicolas Roy.
18:25 of 3rd period - Snap shot by Zemgus Girgensons.
18:25 of 3rd period - Stopped by John Gibson with a rebound.
18:30 of 3rd period - Off-side.
18:31 of 3rd period - Nicolas Roy wins face-off versus Joel Eriksson Ek in neutral zone.
18:34 of 3rd period - Slapshot by Charlie McAvoy.
18:34 of 3rd period - Shot Misses the Net.
18:36 of 3rd period - Slapshot by Torey Krug.
18:36 of 3rd period - Shot Blocked by Henri Jokiharju.
18:56 of 3rd period - Charlie McAvoy is hit by Radek Faksa and loses puck.
19:09 of 3rd period - Luke Kunin is hit by Torey Krug and loses puck.
19:22 of 3rd period - Slapshot by Luke Kunin.
19:22 of 3rd period - Shot Misses the Net.
19:24 of 3rd period - Backhand shot by Luke Kunin.
19:24 of 3rd period - Goal by Luke Kunin - Red Wings : 1 - Stars : 2.
19:25 of 3rd period - Joel Eriksson Ek wins face-off versus Brayden Point in neutral zone.
19:32 of 3rd period - Slapshot by Oliver Bjorkstrand.
19:32 of 3rd period - Stopped by John Gibson with a rebound.
19:34 of 3rd period - Snap shot by Brian Dumoulin.
19:34 of 3rd period - Shot Misses the Net.
19:36 of 3rd period - Wrist shot by Brian Dumoulin.
19:36 of 3rd period - Deflect By Oliver Bjorkstrand.
19:36 of 3rd period - Stopped by John Gibson without a rebound.
19:37 of 3rd period - call a timeout for Red Wings.
19:37 of 3rd period - Joel Eriksson Ek wins face-off versus Brayden Point in Red Wings zone.
19:58 of 3rd period - Snap shot by Joel Eriksson Ek.
19:58 of 3rd period - Shot Misses the Net.
Goals for this period are 0 for Red Wings vs 1 for Stars.
Shots for this period are 2 for Red Wings vs 10 for Stars.